AoeStats
← 🅡🅐🅨🅖🅞🅝

Arabia

507354946Analyzed
1v1 RM · 14d ago on Sep 17, 2026· 18m 40s· 2 players
Game mode
Random Map
Map size
Tiny (2 player)
Population
200
Speed
Normal
Resources
Standard
Victory
Conquest
Starting age
Dark Age
Ending age
Imperial Age
RankedLock teamsTeams togetherTeam positionsShared explorationLock speedFull tech treeHidden civsTurbo modeCheats
Victory
Defeat
🇹🇷 Vietnamese · Türkiye
991
+14
🇩🇰 Slavs · Denmark
955
-41
🅡🅐🅨🅖🅞🅝
10:56 Feudal Age
11:22 Double-Bit Axe
11:19 Horse Collar
13:52 Gold Mining
Hasan Alpay
7:30 Loom
10:18 Feudal Age
11:01 Double-Bit Axe
13:52 Wheelbarrow
15:21 Fletching
15:33 Horse Collar
Connection lost

Rejoining the realm…

Still unreachable

The connection could not be restored.

Session expired

The server has moved on; the page needs a fresh start.